[ AOE2 MATCH · #506278354 ]
UnrankedVikings vs Japanese
Player's team · LOSS
Rival team · WIN
[ REPLAY ANALYSIS · EXTRACTED FROM THE RECORDED GAME ]
Feudal
8:53
Castle
22:02
Imperial
37:49
| APM avg | 65.3 |
| APM peak | 110 |
| eAPM avg | 37.6 |
| Villagers / military | 212 / 464 |
Focus
⚔️ 57.6% · 🌾 42.4%
Skirmisher ×251 · Archer ×135 · Berserk ×50 · Mangonel ×9 · Battering Ram ×8 · Trebuchet (Packed) ×7
Feudal
9:25
Castle
22:39
Imperial
36:06
| APM avg | 67.2 |
| APM peak | 117 |
| eAPM avg | 33.6 |
| Villagers / military | 219 / 451 |
Focus
⚔️ 40.0% · 🌾 60.0%
Skirmisher ×240 · Militia ×109 · Trebuchet (Packed) ×28 · Cavalry Archer ×26 · Samurai ×19 · Battering Ram ×17
Match map
Initial resources + every placement click. Lines = walls · curves = elevation contours. ◆ gold · ⬟ stone · ● berries · ✦ relic · ◌ wall gap
Your base· Open — 6t gap
NU Apartment's base· ✓ Closed at 22:39 · 28t walls · 1 gate(s)
Smoothed initial terrain · ◌ = detected wall gap · hover for details
Inputs per minute
— HSL | AtomicMuffin - - NU Apartment
Build order — HSL | AtomicMuffin
First 150 of 857 actions detected
| 0:00 | Queue | Villager (Male) |
| 0:01 | Queue | Villager (Male) |
| 0:01 | Queue | Villager (Male) |
| 0:02 | Build | House |
| 0:03 | Build | House |
| 0:15 | Queue | Villager (Male) |
| 0:15 | Queue | Villager (Male) |
| 1:12 | Queue | Villager (Male) |
| 1:40 | Queue | Villager (Male) |
| 1:55 | Build | Lumber Camp |
| 2:13 | Queue | Villager (Male) |
| 2:13 | Queue | Villager (Male) |
| 2:53 | Queue | Villager (Male) |
| 2:57 | Queue | Villager (Male) |
| 3:31 | Queue | Villager (Male) |
| 3:32 | Queue | Villager (Male) |
| 3:44 | Queue | Villager (Male) |
| 3:44 | Queue | Villager (Male) |
| 3:49 | Build | House |
| 3:54 | Queue | Villager (Male) |
| 4:25 | Queue | Villager (Male) |
| 4:30 | Build | Palisade Wall |
| 4:31 | Build | Palisade Wall |
| 4:32 | Build | Mining Camp |
| 4:38 | Build | Mining Camp |
| 4:57 | Queue | Villager (Male) |
| 4:57 | Queue | Villager (Male) |
| 5:39 | Queue | Villager (Male) |
| 5:40 | Queue | Villager (Male) |
| 6:02 | Research | Loom |
| 6:20 | Build | Palisade Wall |
| 6:43 | Research | Feudal Age |
| 6:43 | Research | Feudal Age |
| 7:12 | Build | House |
| 7:24 | Build | Barracks |
| 7:29 | Queue | Villager (Male) |
| 7:50 | Build | Palisade Wall |
| 7:55 | Build | Palisade Wall |
| 8:33 | Queue | Villager (Male) |
| 8:53 | Age | Feudal Age |
| 8:55 | Build | Archery Range |
| 8:56 | Queue | Villager (Male) |
| 8:58 | Research | Double-Bit Axe |
| 8:59 | Research | Double-Bit Axe |
| 9:04 | Queue | Villager (Male) |
| 9:37 | Queue | Archer |
| 9:38 | Queue | Archer |
| 9:54 | Build | Archery Range |
| 9:57 | Build | House |
| 10:13 | Queue | Villager (Male) |
| 10:13 | Queue | Villager (Male) |
| 10:20 | Queue | Archer |
| 10:20 | Queue | Archer |
| 10:37 | Queue | Archer |
| 10:37 | Queue | Archer |
| 10:48 | Queue | Villager (Male) |
| 10:49 | Queue | Archer |
| 10:49 | Queue | Archer |
| 11:00 | Build | Mill |
| 11:18 | Queue | Archer |
| 11:22 | Queue | Villager (Male) |
| 11:29 | Build | House |
| 11:31 | Queue | Archer |
| 11:31 | Queue | Archer |
| 12:05 | Queue | Villager (Male) |
| 12:06 | Queue | Archer |
| 12:06 | Queue | Archer |
| 12:10 | Build | Farm |
| 12:10 | Build | Farm |
| 12:13 | Build | Farm |
| 12:18 | Queue | Archer |
| 12:25 | Queue | Archer |
| 12:54 | Queue | Villager (Male) |
| 12:56 | Build | House |
| 13:06 | Queue | Archer |
| 13:06 | Queue | Archer |
| 13:11 | Queue | Villager (Male) |
| 13:11 | Queue | Villager (Male) |
| 13:13 | Build | Farm |
| 13:31 | Build | Blacksmith |
| 13:33 | Build | House |
| 13:42 | Queue | Archer |
| 13:42 | Queue | Archer |
| 14:03 | Queue | Villager (Male) |
| 14:05 | Build | Farm |
| 14:06 | Build | Farm |
| 14:09 | Build | House |
| 14:16 | Queue | Villager (Male) |
| 14:36 | Build | Farm |
| 14:37 | Build | Farm |
| 14:40 | Research | Fletching |
| 14:40 | Research | Fletching |
| 14:44 | Queue | Villager (Male) |
| 14:45 | Queue | Villager (Male) |
| 14:52 | Queue | Archer |
| 14:52 | Queue | Archer |
| 14:53 | Queue | Archer |
| 14:53 | Queue | Archer |
| 14:54 | Queue | Archer |
| 15:02 | Build | Palisade Wall |
| 15:08 | Queue | Skirmisher |
| 15:08 | Queue | Skirmisher |
| 15:13 | Queue | Skirmisher |
| 15:39 | Queue | Archer |
| 15:39 | Queue | Villager (Male) |
| 15:39 | Queue | Villager (Male) |
| 15:56 | Queue | Skirmisher |
| 15:57 | Queue | Skirmisher |
| 15:57 | Queue | Villager (Male) |
| 16:13 | Queue | Archer |
| 16:13 | Queue | Archer |
| 16:13 | Queue | Villager (Male) |
| 16:15 | Build | Farm |
| 16:42 | Queue | Archer |
| 16:42 | Queue | Archer |
| 16:43 | Queue | Archer |
| 16:47 | Queue | Villager (Male) |
| 16:54 | Queue | Villager (Male) |
| 16:58 | Build | House |
| 17:01 | Build | House |
| 17:02 | Build | House |
| 17:03 | Build | House |
| 17:03 | Queue | Villager (Male) |
| 17:04 | Queue | Archer |
| 17:04 | Queue | Archer |
| 17:12 | Queue | Villager (Male) |
| 17:15 | Build | Farm |
| 17:18 | Build | Lumber Camp |
| 17:43 | Queue | Skirmisher |
| 17:47 | Queue | Villager (Male) |
| 18:40 | Queue | Villager (Male) |
| 18:43 | Build | Market |
| 19:14 | Build | Farm |
| 19:16 | Research | Horse Collar |
| 19:22 | Research | Castle Age |
| 19:22 | Research | Castle Age |
| 19:22 | Research | Castle Age |
| 19:23 | Queue | Archer |
| 19:23 | Queue | Archer |
| 19:34 | Build | House |
| 19:41 | Queue | Archer |
| 19:41 | Queue | Archer |
| 19:41 | Queue | Archer |
| 19:48 | Queue | Skirmisher |
| 19:52 | Queue | Skirmisher |
| 19:55 | Build | Farm |
| 19:56 | Queue | Villager (Male) |
| 20:05 | Build | Palisade Gate |
| 20:08 | Build | Palisade Wall |
| 20:09 | Build | Palisade Wall |
Build order — NU Apartment
First 150 of 796 actions detected
| 0:00 | Queue | Villager (Male) |
| 0:01 | Queue | Villager (Male) |
| 0:01 | Queue | Villager (Male) |
| 0:02 | Build | House |
| 0:03 | Build | House |
| 0:24 | Queue | Villager (Male) |
| 1:39 | Queue | Villager (Male) |
| 1:55 | Build | Lumber Camp |
| 2:01 | Queue | Villager (Male) |
| 2:18 | Queue | Villager (Male) |
| 2:18 | Queue | Villager (Male) |
| 2:18 | Queue | Villager (Male) |
| 2:53 | Queue | Villager (Male) |
| 2:53 | Queue | Villager (Male) |
| 3:06 | Queue | Villager (Male) |
| 3:06 | Queue | Villager (Male) |
| 3:06 | Queue | Villager (Male) |
| 3:49 | Build | House |
| 3:50 | Queue | Villager (Male) |
| 3:52 | Queue | Villager (Male) |
| 4:22 | Build | Barracks |
| 4:28 | Queue | Villager (Male) |
| 4:42 | Queue | Villager (Male) |
| 4:48 | Build | House |
| 5:24 | Queue | Militia |
| 5:25 | Queue | Militia |
| 5:29 | Queue | Villager (Male) |
| 5:39 | Build | Mill |
| 5:45 | Queue | Villager (Male) |
| 6:15 | Queue | Villager (Male) |
| 6:42 | Research | Loom |
| 7:15 | Research | Feudal Age |
| 7:26 | Build | Mining Camp |
| 7:38 | Queue | Militia |
| 7:46 | Build | House |
| 7:59 | Queue | Villager (Male) |
| 8:44 | Build | House |
| 8:49 | Queue | Villager (Male) |
| 9:25 | Age | Feudal Age |
| 9:27 | Research | Man-at-Arms (upgrade) |
| 9:28 | Research | Man-at-Arms (upgrade) |
| 9:40 | Queue | Villager (Male) |
| 9:43 | Build | Archery Range |
| 9:45 | Queue | Villager (Male) |
| 9:54 | Research | Double-Bit Axe |
| 9:55 | Research | Double-Bit Axe |
| 10:08 | Queue | Villager (Male) |
| 10:19 | Build | House |
| 10:20 | Build | Palisade Wall |
| 10:25 | Queue | Villager (Male) |
| 10:31 | Build | Palisade Gate |
| 10:38 | Queue | Skirmisher |
| 10:46 | Build | Farm |
| 10:48 | Build | House |
| 10:51 | Build | Palisade Wall |
| 10:53 | Build | Palisade Wall |
| 11:01 | Queue | Villager (Male) |
| 11:01 | Queue | Villager (Male) |
| 11:02 | Queue | Villager (Male) |
| 11:02 | Queue | Villager (Male) |
| 11:26 | Build | House |
| 11:28 | Build | House |
| 11:29 | Queue | Skirmisher |
| 11:34 | Queue | Villager (Male) |
| 11:34 | Queue | Villager (Male) |
| 12:05 | Build | Farm |
| 12:07 | Queue | Skirmisher |
| 12:11 | Queue | Villager (Male) |
| 12:18 | Queue | Villager (Male) |
| 12:27 | Build | Blacksmith |
| 12:33 | Queue | Skirmisher |
| 12:44 | Queue | Villager (Male) |
| 12:47 | Queue | Archer |
| 13:06 | Build | House |
| 13:12 | Queue | Skirmisher |
| 13:24 | Build | Farm |
| 13:27 | Research | Padded Archer Armor |
| 13:28 | Queue | Villager (Male) |
| 13:33 | Build | House |
| 13:36 | Build | House |
| 13:38 | Build | Palisade Wall |
| 13:39 | Queue | Villager (Male) |
| 13:48 | Queue | Archer |
| 13:50 | Queue | Villager (Male) |
| 13:54 | Build | Farm |
| 14:02 | Build | Farm |
| 14:07 | Queue | Villager (Male) |
| 14:14 | Build | House |
| 14:26 | Queue | Skirmisher |
| 14:32 | Build | Farm |
| 14:35 | Build | Farm |
| 14:47 | Build | Farm |
| 14:49 | Queue | Villager (Male) |
| 14:53 | Queue | Villager (Male) |
| 14:56 | Build | Farm |
| 14:59 | Queue | Villager (Male) |
| 15:07 | Research | Fletching |
| 15:10 | Build | Farm |
| 15:38 | Queue | Villager (Male) |
| 15:38 | Queue | Villager (Male) |
| 15:39 | Queue | Villager (Male) |
| 15:41 | Build | Farm |
| 15:43 | Build | Farm |
| 15:44 | Build | Farm |
| 15:47 | Build | Farm |
| 15:54 | Queue | Villager (Male) |
| 15:54 | Queue | Villager (Male) |
| 15:55 | Queue | Villager (Male) |
| 16:06 | Queue | Villager (Male) |
| 16:12 | Queue | Skirmisher |
| 16:12 | Queue | Skirmisher |
| 16:14 | Queue | Villager (Male) |
| 16:21 | Build | Farm |
| 16:23 | Build | Farm |
| 16:24 | Build | Farm |
| 16:31 | Queue | Skirmisher |
| 16:33 | Queue | Villager (Male) |
| 16:42 | Build | House |
| 16:44 | Build | House |
| 16:50 | Queue | Villager (Male) |
| 16:50 | Queue | Villager (Male) |
| 16:55 | Build | Mill |
| 16:56 | Build | Farm |
| 16:56 | Build | Farm |
| 16:56 | Build | Farm |
| 17:13 | Queue | Spearman |
| 17:32 | Queue | Villager (Male) |
| 17:34 | Build | Farm |
| 17:42 | Queue | Villager (Male) |
| 17:59 | Build | Farm |
| 18:34 | Queue | Skirmisher |
| 18:49 | Queue | Villager (Male) |
| 18:52 | Build | Archery Range |
| 19:00 | Queue | Villager (Male) |
| 19:01 | Build | Farm |
| 19:05 | Build | Lumber Camp |
| 19:25 | Build | Archery Range |
| 19:37 | Build | Farm |
| 19:57 | Build | Stable |
| 19:59 | Research | Castle Age |
| 20:00 | Research | Castle Age |
| 20:02 | Queue | Skirmisher |
| 20:18 | Queue | Skirmisher |
| 20:29 | Research | Horse Collar |
| 20:29 | Research | Horse Collar |
| 20:32 | Research | Gold Mining |
| 20:33 | Research | Gold Mining |
| 20:36 | Queue | Skirmisher |
| 20:49 | Build | Lumber Camp |
| 21:03 | Queue | Skirmisher |
Match timeline
| 4:22 | NU Apartment · first_building Barracks |
| 4:30 | HSL | AtomicMuffin · wall_segment Palisade Wall x1 |
| 4:31 | HSL | AtomicMuffin · wall_segment Palisade Wall x1 |
| 6:20 | HSL | AtomicMuffin · wall_segment Palisade Wall x1 |
| 7:24 | HSL | AtomicMuffin · first_building Barracks |
| 7:50 | HSL | AtomicMuffin · wall_segment Palisade Wall x1 |
| 7:55 | HSL | AtomicMuffin · wall_segment Palisade Wall x6 |
| 8:53 | HSL | AtomicMuffin · age_up feudal |
| 8:55 | HSL | AtomicMuffin · first_building Archery Range |
| 9:25 | NU Apartment · age_up feudal |
| 9:43 | NU Apartment · first_building Archery Range |
| 10:20 | NU Apartment · wall_segment Palisade Wall x13 |
| 10:51 | NU Apartment · wall_segment Palisade Wall x7 |
| 10:53 | NU Apartment · wall_segment Palisade Wall x7 |
| 13:38 | NU Apartment · wall_segment Palisade Wall x1 |
| 15:02 | HSL | AtomicMuffin · wall_segment Palisade Wall x7 |
| 19:20 | HSL | AtomicMuffin · first_market_buy 100 food |
| 19:57 | NU Apartment · first_building Stable |
| 20:08 | HSL | AtomicMuffin · wall_segment Palisade Wall x2 |
| 20:09 | HSL | AtomicMuffin · wall_segment Palisade Wall x4 |
| 22:02 | HSL | AtomicMuffin · age_up castle |
| 22:39 | NU Apartment · age_up castle |
| 24:49 | NU Apartment · first_building Siege Workshop |
| 24:56 | HSL | AtomicMuffin · first_market_sell 100 food |
| 28:28 | HSL | AtomicMuffin · first_building Monastery |
| 30:04 | NU Apartment · first_building Monastery |
| 30:35 | HSL | AtomicMuffin · first_building Siege Workshop |
| 33:54 | HSL | AtomicMuffin · first_building Castle |
| 36:06 | NU Apartment · age_up imperial |
| 37:49 | HSL | AtomicMuffin · age_up imperial |
| 38:17 | NU Apartment · first_building Castle |
| 52:16 | HSL | AtomicMuffin · wall_segment Stone Wall x1 |
| 54:51 | NU Apartment · first_market_sell 100 food |
| 56:35 | NU Apartment · first_market_buy 100 stone |
| 57:28 | HSL | AtomicMuffin · wall_segment Palisade Wall x1 |
| 63:04 | HSL | AtomicMuffin · resign |
[ AI ANALYSIS · 1 CREDIT ]
What really happened in this match?
Wolo.gg analyzes every decision: build order, eco, micro, common mistakes by bracket. Personalized analysis on WhatsApp or Discord in 30 seconds.
Civ guide
Vikings
Perfil
Jugador #250274